 Dungeon Crawl Stone Soup version 0.28-a0-793-g31680bbd8b (webtiles) character file.

Game seed: 15728419955506824593

5 kae the Caller (level 1, -1/9 HPs)
             Began as a Vine Stalker Summoner on Nov 4, 2021.
             Slain by a ball python (2 damage)
             ... on level 1 of the Dungeon.
             The game lasted 00:00:06 (42 turns).

kae the Caller (Vine Stalker Summoner)                Turns: 42, Time: 00:00:07

Health: -1/9       AC:  2    Str: 10    XL:     1   Next: 80%
Magic:  0/4        EV:  9    Int: 15    God:
Gold:   0          SH:  0    Dex: 14    Spells: 3/4 levels left

rFire   . . .      SeeInvis .   (no weapon)
rCold   . . .      Faith    .   (no shield)
rNeg    . . .      Spirit   +   a - +0 robe
rPois   .          Reflect  .   (no helmet)
rElec   .          Harm     .   (no cloak)
rCorr   .          Rampage  .   (no gloves)
Will    .....                   (no boots)
Stlth   ++........              (no amulet)
HPRegen 0.03/turn               (no ring)
MPRegen 0.09/turn               (no ring)

@: constricted
A: fangs 2, magic shield, antimagic bite, no potion heal 2
a: no special abilities


You were on level 1 of the Dungeon.
You visited 1 branch of the dungeon, and saw 1 of its levels.

Inventory:

Armour
 a - a +0 robe (worn)


   Skills:
 + Level 0.3 Fighting
 - Level 1.5 Dodging
 - Level 2.4 Stealth
 + Level 2.3 Spellcasting
 * Level 4.1 Summonings


You had 3 spell levels left.
You knew the following spells:

 Your Spells              Type           Power      Damage    Failure   Level
a - Summon Small Mammal   Summ           56%        N/A       3%          1

Your spell library contained the following spells:

 Spells                   Type           Power      Damage    Failure   Level
 Call Imp                 Summ           14%        N/A       6%          2
 Call Canine Familiar     Summ           14%        N/A       12%         3
 Summon Guardian Golem    Hex/Summ       7%         N/A       28%         3
 Summon Lightning Spire   Summ/Air       7%         N/A       67%         4


Dungeon Overview and Level Annotations

Branches:
Dungeon (1/15)

Altars:


Innate Abilities, Weirdness & Mutations

You have extremely sharp teeth.
When hurt, damage is shared between your health and your magic reserves.
Your bite disrupts and absorbs the magic of your enemies.
Potions cannot restore your health.


Message History

The kobold hits you with a +0 short sword.
The ball python loses its grip on your rat.
Your rat barely misses the ball python.
The kobold misses you. The ball python bites you.
The ball python barely misses you.
Your rat bites the ball python.
Your rat misses the kobold.
You are too injured to fight recklessly!
You are too injured to fight recklessly!
You catch the helpless ball python completely off-guard!
You hit the ball python.
You kill the ball python!
The kobold barely misses you.
Your rat bites the kobold but does no damage.
You closely miss the kobold. The kobold barely misses you.
Your rat bites the kobold.
Your rat barely misses the kobold.
You closely miss the kobold. Your bite misses the kobold.
The kobold is moderately wounded.
The kobold hits you but does no damage. The frilled lizard bites your rat.
Your rat dies!
Your rat's corpse disappears in a puff of smoke!
Your rat closely misses the kobold.
You hit the kobold.
You kill the kobold!
A ball python comes into view.
Casting: Summon Small Mammal (safe; 4% risk of failure)
Confirm with . or Enter, or press ? or * to list all spells.
The frilled lizard barely misses you. The frilled lizard bites you.
Your rat misses the frilled lizard. You hit the frilled lizard.
You kill the frilled lizard!
Things that are here:
a +0 club; a ball python corpse The ball python bites you.
* * * LOW HITPOINT WARNING * * *
The ball python grabs you. The ball python constricts you.
* * * LOW HITPOINT WARNING * * *
You hit the ball python.
The ball python is moderately wounded.
Your rat misses the ball python. The ball python bites you.
You die...

..## ...
################..
≈≈≈P≈PP≈.P.≈...#.## #
P≈P≈≈≈PP≈..≈...#..##.###
≈≈≈≈≈≈≈PP≈≈≈≈≈.#....>...
≈≈≈≈≈≈≈≈≈≈≈..≈.†r.......
≈≈≈≈≈≈≈≈≈≈.....r@S......
≈≈≈≈..≈≈≈..P.♣.#..###...
≈.≈.##.≈.###...#.....
.P.####.## #####.####..
#### ### #.# ..# .). ##.


You could see a ball python (ally target) and 2 friendly rats.

Vanquished Creatures
  A ball python (D:1)
  A hobgoblin (D:1)
  2 frilled lizards (D:1)
  A kobold (D:1)
5 creatures vanquished.

Vanquished Creatures (collateral kills)
  A kobold (D:1)
1 creature vanquished.

Grand Total: 6 creatures vanquished

Notes
Turn   | Place    | Note
-------+----------+-------------------------------------------
     0 | D:1      | kae the Vine Stalker Summoner began the quest for the Orb.
     0 | D:1      | Reached XP level 1. HP: 9/9 MP: 4/4
    42 | D:1      | Slain by a ball python

Illustrated notes

Levels and vault maps discovered:
D:1:      lightli_arrival_windingriver, layout_rooms

Action                   || total
-------------------------++-------
Melee: Unarmed           ||    10
       Bite              ||     2
 Cast: Summon Small Mamm ||     3
 Stab: Distracted        ||     1
Armor: Robe              ||     1
Dodge: Dodged            ||     8

Table legend: (Time is in decaauts)
 A = Elapsed time spent in this place.
 B = Non-inter-level travel time spent in this place.
 C = Inter-level travel time spent in this place.
 D = Time resting spent in this place.
 E = Time spent auto-exploring this place.
 F = Levels seen in this place.
 G = Mean time per level.
                   A        B        C        D        E       F      G
               +--------+--------+--------+--------+--------+-----+--------+
         Total |     43 |     43 |      0 |      0 |     24 |   1 |   43.0 |
       Dungeon |     43 |     43 |      0 |      0 |     24 |   1 |   43.0 |
               +--------+--------+--------+--------+--------+-----+--------+

Top non-repeatable levels by time:
     D:1: 43 daAuts
